 Dungeon Crawl Stone Soup version 0.27-a0-412-g8dd771eca2 (console) character file.

Game seed: 6284259554150625446

70 Garrluk the Grasshopper (level 4, -1/35 HPs)
             Began as a Human Warper on Feb 24, 2021.
             Slain by an adder (3 damage)
             ... on level 3 of the Dungeon.
             The game lasted 00:08:00 (1350 turns).

Garrluk the Grasshopper (Human Warper)              Turns: 1350, Time: 00:08:01

Health: -1/35      AC:  3    Str: 11    XL:     4   Next: 45%
Magic:  7/7        EV: 12    Int: 14    God:
Gold:   99         SH:  0    Dex: 13    Spells: 2/7 levels left

rFire    . . .     SeeInvis .   h - +2 dagger (venom)
rCold    . . .     Faith    .   (no shield)
rNeg     . . .     Spirit   .   b - +0 leather armour
rPois    .         Reflect  .   (no helmet)
rElec    .         Harm     .   (no cloak)
rCorr    .         Rampage  .   (no gloves)
Will     .....                  (no boots)
Stlth    +.........             (no amulet)
HPRegen  0.11/turn              (no ring)
MPRegen  0.10/turn              (no ring)

@: lethally poisoned (-1 -> -8)
A: no striking features
a: no special abilities


You were on level 3 of the Dungeon.
You visited 1 branch of the dungeon, and saw 3 of its levels.

You collected 99 gold pieces.

Notes
Turn   | Place    | Note
-------+----------+-------------------------------------------
     0 | D:1      | Garrluk the Human Warper began the quest for the Orb.
     0 | D:1      | Reached XP level 1. HP: 16/16 MP: 3/3
   120 | D:1      | Reached XP level 2. HP: 22/22 MP: 5/5
   127 | D:1      | Learned a level 2 spell: Blink
  1081 | D:2      | Reached XP level 3. HP: 28/28 MP: 6/6
  1134 | D:2      | You fall into a shaft and drop 1 floor!
  1135 | D:3      | Found a white marble altar of Elyvilon.
  1279 | D:3      | Reached XP level 4. HP: 14/34 MP: 7/7
  1328 | D:3      | Learned a level 3 spell: Teleport Other
  1350 | D:3      | Slain by an adder

Inventory:

Hand Weapons
 a - a +0 mace
 h - a +2 dagger of venom (weapon)
   (You took it off a goblin on level 1 of the Dungeon)
Missiles
 e - 4 boomerangs of dispersal (quivered)
Armour
 b - a +0 leather armour (worn)
Scrolls
 c - 3 scrolls of teleportation {unknown}
 d - a scroll of blinking
 f - 2 scrolls of identify {unknown}
 g - a scroll of fear {unknown}
 i - a scroll of noise {unknown}
 k - a scroll of random uselessness {unknown}
 l - a scroll of enchant weapon {unknown}

Table legend: (Time is in decaauts)
 A = Elapsed time spent in this place.
 B = Non-inter-level travel time spent in this place.
 C = Inter-level travel time spent in this place.
 D = Time resting spent in this place.
 E = Time spent auto-exploring this place.
 F = Levels seen in this place.
 G = Mean time per level.
                   A        B        C        D        E       F      G
               +--------+--------+--------+--------+--------+-----+--------+
         Total |   1373 |   1349 |     24 |    532 |     31 |   3 |  457.7 |
       Dungeon |   1373 |   1349 |     24 |    532 |     31 |   3 |  457.7 |
               +--------+--------+--------+--------+--------+-----+--------+

Top non-repeatable levels by time:
     D:1: 1055 daAuts
     D:3: 227 daAuts
     D:2: 90 daAuts


   Skills:
 * Level 3.0 Fighting
 - Level 2.0 Maces & Flails
 - Level 1.0 Throwing
 * Level 2.3 Armour
 - Level 2.0 Dodging
 + Level 2.4 Spellcasting
 * Level 3.3 Translocations


You had 2 spell levels left.
You knew the following spells:

 Your Spells              Type           Power        Failure   Level
a - Blink                 Tloc           N/A          12%         2
b - Teleport Other        Tloc           11%          22%         3

Your spell library contained the following spells:

 Spells                   Type           Power        Failure   Level
 Gell's Gravitas          Tloc           5%           22%         3
 Lesser Beckoning         Tloc           5%           22%         3
 Manifold Assault         Tloc           11%          58%         4


Dungeon Overview and Level Annotations

Branches:
Dungeon (2/15)

Altars:
Elyvilon


Message History

This spell is quite dangerous to cast!
Memorise Teleport Other, consuming 3 spell levels and leaving 2?
You start memorising the spell.
You continue memorising. x3
You finish memorising.
Spell assigned to 'b'.
You enter the shallow water.
Moving in this stuff is going to be slow. ...and don't expect to remain undetected.
You flicker for a moment.
You hear the rusting of a drain.
You flicker back into view.
An adder and a worm come into view.
The adder hisses angrily.
A rat comes into view.
The adder closely misses you. The adder closely misses you.
The adder bites you but does no damage. The adder misses you.
The adder bites you.
* * * LOW HITPOINT WARNING * * *
You are poisoned.
The adder poisons you!
You feel sick. The adder barely misses you. x2
Your magical contamination has completely faded away.
The adder barely misses you.
You hit the adder.
The adder is poisoned.
The adder is heavily wounded.
You feel sick. The adder barely misses you.
You closely miss the adder.
The adder is heavily wounded.
The adder misses you.
You closely miss the adder.
The adder is heavily wounded.
The adder bites you.
* * * LOW HITPOINT WARNING * * *
You are lethally poisoned!
The adder poisons you! The adder barely misses you.
You barely miss the adder.
The adder is heavily wounded.
* * * LOW HITPOINT WARNING * * *
You feel sick. The adder bites you.
You die...

≈ ##.###.# ≈## #....#.##
≈S# ####.#.## ### ##w#
#..... ... ≈≈# #
####.#.#. ..# ####≈#≈#
#....#..♣ #.. #≈≈S≈≈≈#
#........ #.#
#≈#############.P♣ #.#
#≈≈≈≈≈≈≈≈≈..††..P≈
#.#######≈#≈#≈≈.####..♣
.##.#####.....@S≈≈≈≈.≈..#
#...
..........##.....≈......#
#.P.
#############...........#
#... ######......# ##..
######## ##) ## #


You could see an adder (very poisoned).

Table legend:
 A = Kills in this place as a percentage of kills in entire the game.
 B = Kills by you in this place as a percentage of kills by you in the entire game.
 C = Kills by friends in this place as a percentage of kills by friends in the entire game.
 D = Other kills in this place as a percentage of other kills in the entire game.
 E = Experience gained in this place as a percentage of experience gained in the entire game.
 F = Experience gained in this place divided by the number of levels of this place that you have seen.
                   A       B       C       D       E      F
               +-------+-------+-------+-------+-------+----------------------
         Total | 100.0 | 100.0 |   N/A |   N/A | 100.0 |  33.7
       Dungeon | 100.0 | 100.0 |   N/A |   N/A | 100.0 |  33.7
               +-------+-------+-------+-------+-------+----------------------

Vanquished Creatures
  Monster Symbol All 'B'
  2 giant cockroaches
2 creatures vanquished. All 'K' A kobold (D:3)
1 creature vanquished. All 'S' An adder (D:3)
1 creature vanquished. All 'b' 3 bats
3 creatures vanquished. All 'g' 6 goblins 6 hobgoblins
12 creatures vanquished. All 'h' 2 jackals (D:1)
2 creatures vanquished. All 'l' 2 frilled lizards
2 creatures vanquished. All 'r' 3 river rats (D:3) 2 rats (D:3)
5 creatures vanquished. All 'w' 2 dart slugs
2 creatures vanquished.
30 creatures vanquished. Monster Nature Natural Monsters An adder (D:3) 3 river rats (D:3) 2 dart slugs 3 bats 2 giant cockroaches 6 goblins 6 hobgoblins 2 jackals (D:1) 2 frilled lizards A kobold (D:3) 2 rats (D:3)
30 creatures vanquished.
30 creatures vanquished. Ascending Order An adder (D:3) A kobold (D:3) 2 dart slugs 2 jackals (D:1) 2 giant cockroaches 2 frilled lizards 2 rats (D:3) 3 river rats (D:3) 3 bats 6 hobgoblins 6 goblins
30 creatures vanquished.

Action                   |  1- 3 |  4- 6 || total
-------------------------+-------+-------++-------
Melee: Mace              |    42 |       ||    42
       Dagger            |    41 |    15 ||    56
Throw: Boomerang         |     1 |       ||     1
  Use: Potion            |       |     1 ||     1
Armor: Leather armour    |    18 |     1 ||    19
Dodge: Dodged            |    57 |    15 ||    72
